 Dungeon Crawl Stone Soup version 0.27-a0-965-gbf8bb431c4 (webtiles) character file.

Game seed: 11217675366120755391

1759 mhtbhm the Digger (level 9, -3/51 HPs)
             Began as a Gargoyle Earth Elementalist on Apr 12, 2021.
             Blown up by an orc warrior (30 damage)
             ... with a mindburst bolt
             ... on level 6 of the Dungeon.
             The game lasted 00:13:58 (9587 turns).

mhtbhm the Digger (Gargoyle Earth Elementalist)     Turns: 9587, Time: 00:13:58

Health: -3/51      AC: 11    Str: 12    XL:     9   Next: 7%
Magic:  6/17       EV: 12    Int: 26    God:
Gold:   87         SH:  0    Dex: 10    Spells: 4/19 levels left

rFire    + . .     SeeInvis .   a - +2 mace (drain)
rCold    . . .     Faith    .   (no shield)
rNeg     + . .     Spirit   .   c - +2 robe {rF+}
rPois    ∞         Reflect  .   (no helmet)
rElec    +         Harm     .   o - +0 cloak
rCorr    .         Rampage  .   (no gloves)
Will     .....                  (no boots)
Stlth    ++........             d - amulet of Liowup {Regen+ Int+7}
HPRegen  1.17/turn              (no ring)
MPRegen  0.15/turn              (no ring)

@: no status effects
A: AC +6, negative energy resistance 1, electricity resistance, torment
resistance 1, unbreathing 1, petrification resistance
a: no special abilities


You were on level 6 of the Dungeon.
You visited 2 branches of the dungeon, and saw 7 of its levels.

You collected 275 gold pieces.
You spent 188 gold pieces at shops.

Inventory:

Hand Weapons
 a - a +2 mace of draining (weapon)
Missiles
 b - 98 stones
 k - 2 poisoned darts (quivered)
Armour
 c - a +2 robe of fire resistance (worn)
 o - a +0 cloak (worn)
Jewellery
 d - the amulet of Liowup (around neck) {Regen+ Int+7}
   (You acquired it on level 4 of the Dungeon)

   [amulet of regeneration]

   It affects your intelligence (+7).
   It increases your rate of health regeneration.
 f - a ring of magical power
Wands
 t - a wand of flame (10)
Scrolls
 e - a scroll of immolation
 g - a scroll of enchant weapon
 h - a scroll of fear
 i - 3 scrolls of teleportation {unknown}
 j - a scroll of brand weapon {unknown}
 n - a scroll of vulnerability {unknown}
Potions
 l - 4 potions of berserk rage
 m - a potion of might
 p - a potion of invisibility {unknown}
 q - a potion of attraction {unknown}
Miscellaneous
 s - a condenser vane


   Skills:
 + Level 3.5 Fighting
 + Level 4.4 Maces & Flails
 + Level 0.2 Throwing
 + Level 4.0 Dodging
 - Level 2.2 Stealth
 + Level 5.6 Spellcasting
 + Level 2.2 Conjurations
 + Level 0.7 Transmutations
 + Level 7.7 Earth Magic
 + Level 0.4 Evocations


You had 4 spell levels left.
You knew the following spells:

 Your Spells              Type           Power      Damage    Failure   Level
a - Sandblast             Erth           94%        2d19      1%          1
b - Passwall              Tmut/Erth      24%        N/A       1%          2
c - Stone Arrow           Conj/Erth      66%        3d11      2%          3
d - Lee's Rapid Deconstr  Erth           23%        3d14*     9%          5
e - Petrify               Tmut/Erth      29%        N/A       13%         4

Your spell library contained the following spells:

 Spells                   Type           Power      Damage    Failure   Level
 Foxfire                  Conj/Fire      52%        2x1d6     4%          1
 Beastly Appendage        Tmut           22%        N/A       5%          1
 Wereblood                Tmut           11%        N/A       9%          2
 Conjure Flame            Conj/Fire      13%        6-21      14%         3
 Spider Form              Tmut/Pois      4%         N/A       19%         3
 Inner Flame              Hex/Fire       7%         N/A       22%         3
 Sticky Flame             Conj/Fire      13%        2d4       41%         4
 Ice Form                 Ice/Tmut       9%         N/A       52%         4
 Fireball                 Conj/Fire      6%         3d5       77%         5
 Hydra Form               Tmut           5%         N/A       83%         5


Dungeon Overview and Level Annotations

Branches:
Dungeon (6/15)             Temple (1/1) D:4

Altars:
Ashenzari
Cheibriados
Dithmenos
Hepliaklqana
Nemelex Xobeh
Qazlal
Sif Muna
Trog
Xom
Yredelemnul
Zin
The Shining One

Shops:
D:4 *   D:6 (

Annotations:
D:5 2 runed translucent doors


Innate Abilities, Weirdness & Mutations

Your stone body is resilient. (AC +6)
You are immune to poison.
You resist negative energy. (rN+)
You are resistant to electric shocks. (rElec)
You are resistant to unholy torment.
You can survive without breathing.
You are immune to petrification.


Message History

The orc warrior is lightly wounded.
b - 98 stones The orc shouts!
The orc warrior zaps a wand.
Your mind is blasted!
Ouch! That really hurt!
* * * LOW HITPOINT WARNING * * *
Unknown command.
You feel much better.
The orc warrior hits you with a +0 broad axe.
Unknown command.
Casting: Sandblast (safe; 1% risk of failure)
Confirm with . or Enter, or press ? or * to list all spells.
The spell is quite dangerous to cast (9% risk of failure)!
Continue anyway?
Aiming: Lee's Rapid Deconstruction (quite dangerous; 9% risk of failure)
Press: ? - help, Dir - move target, p - orc warrior A rock wall.
The wall shatters!
The blast of rock fragments hits the orc warrior!
The orc warrior is heavily wounded.
You hear a shout! x4
The orc warrior hits you with a +0 broad axe!
* * * LOW HITPOINT WARNING * * *
Unknown command.
Unknown command.
Casting: Lee's Rapid Deconstruction (quite dangerous; 9% risk of failure)
Confirm with . or Enter, or press ? or * to list all spells.
The spell is quite dangerous to cast (9% risk of failure)!
Continue anyway?
Aiming: Lee's Rapid Deconstruction (quite dangerous; 9% risk of failure)
Press: ? - help, Dir - move target A rock wall.
The wall shatters!
The blast of rock fragments hits the orc warrior!
The orc warrior is almost dead.
The orc warrior hits you with a +0 broad axe!
* * * LOW HITPOINT WARNING * * *
Unknown command.
Unknown command.
You feel much better.
The orc warrior zaps a wand.
Your mind is blasted!
Ouch! That really hurt!
You die...

#......# ### #......# #.#
#......# #.# ## #......#
#.# ###. #..†...#
#.####... #......#
###.#..#.#.
#......###..........
###...................
#####....@........#.##.#..
........#.o###.##...##.#.#
#.......oo.....##.#.#.....
.#####...o######...#.###.
##......## #...#.# #
#).......####.#.#.#
#.8...............#
#)...>...####....## #
##......##.......# #


You could see an orc warrior (drained) and 3 orcs.

Vanquished Creatures
  Prince Ribbit (D:5)
  A wyvern (D:5)
  A sky beast (D:3)
  A necrophage (D:4)
  An ogre (D:5)
  3 centaurs (D:5)
  A gnoll sergeant (D:5)
  5 scorpions
  A howler monkey (D:6)
  A centaur zombie (D:5)
  3 hounds
  A scorpion zombie (D:5)
  Natasha (twice) (D:2)
  3 orc wizards
  2 hound skeletons (D:5)
  4 gnolls (D:4)
  A howler monkey skeleton (D:5)
  7 adders
  A white imp (D:3)
  2 ufetubi (D:5)
  An adder skeleton (D:4)
  An adder zombie (D:5)
  4 worms
  3 dart slugs
  4 orcs
  5 endoplasms
  3 giant cockroaches
  7 goblins
  4 hobgoblins
  9 jackals
  3 quokkas (D:1)
  6 ball pythons
  4 bats
  2 frilled lizards (D:3)
  A goblin skeleton (D:3)
  2 hobgoblin zombies (D:3)
  7 kobolds
  2 kobold skeletons (D:3)
  A kobold zombie (D:3)
  2 orc skeletons (D:3)
  10 rats
123 creatures vanquished.

Notes
Turn   | Place    | Note
-------+----------+-------------------------------------------
     0 | D:1      | mhtbhm the Gargoyle Earth Elementalist began the quest for
                  | the Orb.
     0 | D:1      | Reached XP level 1. HP: 10/10 MP: 3/3
   665 | D:1      | Reached skill level 4 in Earth Magic
   665 | D:1      | Reached XP level 2. HP: 9/15 MP: 1/5
   711 | D:1      | Learned a level 2 spell: Passwall
   811 | D:1      | Found a faded altar of an unknown god.
  1443 | D:1      | Reached XP level 3. HP: 19/19 MP: 4/6
  1447 | D:1      | Learned a level 3 spell: Stone Arrow
  2112 | D:2      | Found a glowing golden altar of the Shining One.
  2561 | D:2      | Noticed Natasha
  2694 | D:2      | Killed Natasha
  2695 | D:2      | Reached skill level 1 in Fighting
  2695 | D:2      | Reached XP level 4. HP: 26/26 MP: 2/7
  2700 | D:2      | Noticed Natasha
  3125 | D:2      | Reached skill level 1 in Maces & Flails
  3409 | D:2      | Killed Natasha
  3410 | D:2      | Reached XP level 5. HP: 11/30 MP: 4/9
  4511 | D:3      | Found a glowing golden altar of the Shining One.
  4521 | D:3      | HP: 1/30 [white imp/puff of frost (10)]
  4936 | D:3      | Noticed a sky beast
  4941 | D:3      | Killed a sky beast
  4942 | D:3      | Reached skill level 5 in Earth Magic
  4942 | D:3      | Reached XP level 6. HP: 33/35 MP: 5/10
  4949 | D:3      | Learned a level 5 spell: Lee's Rapid Deconstruction
  5806 | D:4      | Found Fus Geutz's General Store.
  5814 | D:4      | Bought a scroll of identify for 22 gold pieces
  5814 | D:4      | Bought a scroll of identify for 22 gold pieces
  5814 | D:4      | Identified a scroll of acquirement
  5816 | D:4      | Acquired the amulet of Liowup {Regen+ Int+7}
  5846 | D:4      | Found a shadowy altar of Dithmenos.
  5930 | D:4      | Noticed a necrophage
  5946 | D:4      | Killed a necrophage
  5947 | D:4      | Reached XP level 7. HP: 36/40 MP: 9/12
  5948 | D:4      | Found a stormy altar of Qazlal.
  6458 | D:4      | Reached skill level 6 in Earth Magic
  6918 | D:4      | Found a staircase to the Ecumenical Temple.
  6924 | Temple   | Entered the Ecumenical Temple
  7187 | D:5      | Entered Level 5 of the Dungeon
  7407 | D:5      | Reached skill level 1 in Conjurations
  7407 | D:5      | Reached XP level 8. HP: 41/45 MP: 9/14
  7419 | D:5      | Learned a level 4 spell: Petrify
  7471 | D:5      | Found a large runed translucent door.
  7471 | D:5      | Found a large runed translucent door.
  7538 | D:5      | Noticed a wyvern
  7751 | D:5      | Killed a wyvern
  7765 | D:5      | Found a large runed translucent door.
  7765 | D:5      | Found a large runed translucent door.
  8177 | D:5      | Noticed Prince Ribbit
  8189 | D:5      | Killed Prince Ribbit
  8190 | D:5      | Reached skill level 5 in Spellcasting
  8190 | D:5      | Reached skill level 7 in Earth Magic
  8599 | D:5      | Reached XP level 9. HP: 49/51 MP: 9/17
  9487 | D:6      | Found Jypaa's Antique Weapon Emporium.
  9494 | D:6      | Bought a glowing mace for 144 gold pieces
  9586 | D:6      | HP: 2/51 [orc warrior/+0 broad axe (12)]
  9587 | D:6      | Blown up by an orc warrior

Illustrated notes

Levels and vault maps discovered:
D:1:      lemuel_arrival_hallway, layout_basic,
          shapermc_ecumenical_altar_mp_vishouse
D:2:      minmay_angry_zag, layout_basic, basic_altar, eino_tiny_chamber,
          kennysheep_generic_room_9, uniq_natasha
D:3:      layout_basic, nicolae_tso_besieged_by_evil, dk_noncrumbling_2,
          kennysheep_big_empty_room
D:4:      layout_rooms, lemuel_crystal_altar, nicolae_dithmenos_shadow_blocks,
          minmay_temple_entry_metal_lava, serial_shops, shop
D:5:      layout_rooms, st_stairs_4, kennysheep_doodads,
          small_statue_intersection, minmay_hollow_rounded_squares,
          uniq_prince_ribbit1
D:6:      layout_rooms, kennysheep_okawaru_gauntlet, lemuel_crystal_altar,
          serial_shops, shop, mrwooster_statue_mirror,
          ebering_dispersal_statue_hall, kennysheep_opposing_triangles
Temple:   nicolae_temple_figure_zero

Skill      XL: |  1  2  3  4  5  6  7  8 |
---------------+-------------------------+-----
Earth Magic    | 4 5 6 7 |  7.7
Fighting       | 1 2 3 |  3.5
Dodging        | 2 3 4 |  4.0
Maces & Flails | 1 2 4 |  4.4
Spellcasting   | 3 4 5 |  5.6
Conjurations   | 1 2 |  2.2
Throwing       | |  0.2
Stealth        | |  2.2
Transmutations | |  0.7
Evocations     | |  0.4

Action                   |  1- 3 |  4- 6 |  7- 9 || total
-------------------------+-------+-------+-------++-------
Melee: Unarmed           |    19 |       |       ||    19
       Club              |   112 |   146 |       ||   258
       Whip              |       |    24 |   175 ||   199
       Mace              |       |       |     7 ||     7
Throw: Dart              |       |       |     5 ||     5
 Cast: Sandblast         |    22 |    36 |    37 ||    95
       Stone Arrow       |     2 |     2 |    14 ||    18
       Lee's Rapid Decon |       |       |     7 ||     7
Evoke: Wand              |       |       |     4 ||     4
  Use: Potion            |       |     2 |     5 ||     7
       Scroll            |       |     6 |     2 ||     8
 Stab: Sleeping          |     3 |     5 |     3 ||    11
Armor: Robe              |    63 |    80 |   106 ||   249
Dodge: Dodged            |   126 |   137 |   150 ||   413

Table legend: (Time is in decaauts)
 A = Elapsed time spent in this place.
 B = Non-inter-level travel time spent in this place.
 C = Inter-level travel time spent in this place.
 D = Time resting spent in this place.
 E = Time spent auto-exploring this place.
 F = Levels seen in this place.
 G = Mean time per level.
                   A        B        C        D        E       F      G
               +--------+--------+--------+--------+--------+-----+--------+
         Total |   9631 |   9530 |    101 |   3465 |   3961 |   7 | 1375.9 |
       Dungeon |   9496 |   9395 |    101 |   3465 |   3849 |   6 | 1582.7 |
        Temple |    135 |    135 |      0 |      0 |    112 |   1 |  135.0 |
               +--------+--------+--------+--------+--------+-----+--------+

Top non-repeatable levels by time:
     D:2: 2213 daAuts
     D:1: 2088 daAuts
     D:5: 1867 daAuts
     D:3: 1603 daAuts
     D:4: 1531 daAuts
     D:6: 191 daAuts
  Temple: 135 daAuts
